Peach, chaotic male elven Priest --- |..| --..| |...|-.. ---- ---...|.... |..| |........- |<.| |.|....--- |.-- |.|-...| - |.| |.|---.| --.- |.| |.---|.||..G.. |.| |..|.|.--..... |.- |......f)@h.). |..-- --.....------- |...--- ---.|...| ---...-- |...|-.-- --...-----------.------ |...............| --....----------- |..--- ---- Peach the Acolyte Experience level: 4 Strength: 12 Dexterity: 13 Constitution: 10 Intelligence: 9 Wisdom: 19 Charisma: 10 Health: 0(33) Energy: 53(55) Def: 4 Gold: 545 Moves: 1234 Dungeon seed: Ni0w-_4T7Q2Ws-uN Game ID: Peach_1614985141 Your Inventory: Coins $ - 545 gold pieces Weapons a - a blessed +1 mace (weapon in hand) j - a +0 arrow p - 14 +0 darts (in quiver) Armor e - a +0 robe (being worn) n - a +0 small shield (being worn) q - a +0 orcish helm (being worn) Comestibles c - a clove of garlic d - 2 sprigs of wolfsbane k - an apple l - 3 food rations o - a tin of shrieker Spellbooks f - a spellbook of cure blindness g - a spellbook of light Potions b - 4 potions of holy water u - a potion of object detection w - a blessed potion of extra healing Tools h - a tooled horn r - 4 wax candles (0:400) s - a partly used wax candle (lit) (0:272) v - 4 blessed wax candles (0:400) Gems y - a turquoise stone z - a flint stone Spells and supernatural/magical abilities: Name Level Category Fail Memory l - light 1 divination 0% 94% B - cure blindness 2 healing 32% 94% W - pray for help -- divine ? -- X - turn undead -- divine ? -- Your skills at the end: Fighting Skills Weapon Skills mace [Basic] Spellcasting Skills clerical spells [Basic] Final Attributes: You were piously aligned. You were sleep resistant. You had infravision. You are dead. Vanquished creatures: 2 gnomish wizards 2 dwarves 2 hobbits a yellow mold 6 gnomes a gecko 2 jackals 2 foxes 2 kobolds a goblin 2 grid bugs 3 lichens a kobold zombie 3 newts 30 creatures vanquished. Voluntary challenges: You were an atheist. You used a wielded weapon 36 times, starting on turn 4. You read items or engraved 1 time, starting on turn 118. You never genocided any monsters. You never polymorphed an object. You never changed form. You used no wishes. You never split a pudding. You never wrote Elbereth's name. You never violated your personal moral code. Dungeon overview: The Dungeons of Doom: levels 1 to 3 Level 1 an altar to Mog, some fountains a long staircase Level 2 Level 3 a fountain stairs to The Gnomish Mines The Gnomish Mines: Level 4 <- You were here stairs to The Dungeons of Doom History has recorded: On T:1 you entered the Dungeons of Doom to retrieve the Amulet of Yendor! On T:261 you advanced to experience level 2. On T:423 you reached level 2 of The Dungeons of Doom. On T:631 you reached level 3 of The Dungeons of Doom. On T:922 you advanced to experience level 3. On T:1087 you reached level 1 of The Gnomish Mines. On T:1190 you advanced to experience level 4. Score breakdown: Gold: 545 ( 9310 points) Experience: 4 levels ( 9649 points) Exploration: 4 levels ( 8.00%) ( 7423 points) Discoveries: 2 items ( 0.70%) ( 2508 points) Valuables value: (no points given unless you survive) Artifact value: 0 ( 0 points) Variety of kills: 14 monsters ( 3.67%) ( 5750 points) Turncount: 1234 turns ( 0 points) Survival: died (score multiplied by 80%) Total score: 27712 Latest messages: The dart hits the dwarf king. The dwarf king throws a poisoned dart! You are hit by a poisoned dart. You feel weaker! The dart hits the dwarf king. Qwerty drops a pair of hard shoes. The dart hits the dwarf king. The dart misses the gnome. You have no ammunition readied! p - 15 darts (in quiver). You fill your quiver: p - 15 darts (in quiver). The dart hits the gnome. The dwarf king picks up a dart. You miss the dwarf king. Qwerty picks up a pair of hard shoes. You miss the dwarf king. The dwarf king hits! (2x) You die... Final status: Goodbye Peach the Priest, killed by a dwarf king... You died in The Gnomish Mines on dungeon level 4 with 27712 points, and 545 pieces of gold, after 1234 moves. You were level 4 with a maximum of 33 hit points when you died.